[Event "*** Titled Tuesday Blitz"]
[Site "Chess.com"]
[Date "2021.03.16"]
[Round "2"]
[White "ChessQueen"]
[Black "Julianos82"]
[Result "1-0"]
[WhiteElo "2723"]
[BlackElo "2402"]
[TimeControl "180+1"]
[EndTime "10:17:33 PDT"]
[Termination "ChessQueen won by checkmate"]

1. e4 c5 2. c3 d6 3. d4 Nf6 4. Bd3 Nbd7 5. Nf3 e5 6. O-O Be7 7. Re1 O-O 8. Nbd2 Re8 9. Nf1 a6 10. a4 b6 11. Ng3 Bb7 12. d5 g6 13. b4 Bf8 14. h3 h6 15. Be3 Kh7 16. Qd2 a5 17.
Reb1 Ba6 18. Bc2 Qc7 19. Nh2 Bg7 20. f3 Rec8 21. bxa5 bxa5 22. Ng4 h5 23. Nf2 Bc4 24. h4 Ng8 25. Nh3 f6 26. f4 Bh6 27. f5 Bxe3+ 28.
Qxe3 Nh6 29. fxg6+ Kxg6 30. Bd1 Rg8 31. Nxh5 Kh7 32.
Rb2 Rg6 33. Rab1 Rag8 34. Bf3 Ba6 35. Kh1 Qd8 36. Qe1 Ng4 37. Ng3 Nf2+ 38. Qxf2 Rxg3 39. Kh2 R3g7 40. Rg1 Kh8 41. Be2 Bxe2 42. Qxe2 Rh7 43.
Qf3 Rxh4 44. Rb7 Rh7 45. Qf5 Qe8 46. Ra7 Rg5 47. Qe6 Qh5 48. Ra8+ Rg8 49. Qxg8# 1-0

[Event "*** Titled Tuesday Blitz"]
[Site "Chess.com"]
[Date "2021.03.16"]
[Round "2"]
[White "kreonx"]
[Black "AlhosaniOmran1"]
[Result "1-0"]
[WhiteElo "2337"]
[BlackElo "2492"]
[TimeControl "180+1"]
[EndTime "10:17:33 PDT"]
[Termination "kreonx won on time"]

1. e4 c5 2. c4 d6 3. Nc3 Nf6 4. g3 g6 5. Bg2 Bg7 6. Rb1 O-O 7. Nge2 Nc6 8. d3 a6 9. f4 Rb8 10. a3 Bd7 11. b4 cxb4 12. axb4 b5 13. cxb5 axb5 14. h3 Qb6 15. d4 e6 16. Be3 d5 17. e5 Ne8 18. Nc1 Ra8 19. Nb3 Nc7 20. Nc5 Rfd8 21. Qb3 Na6 22. Bf1 Ncxb4 23. Nxd7 Rxd7 24.
Bxb5 Rc7 25. Bxa6 Rxa6 26. O-O Qc6 27. Rfc1 Nd3 28. Nxd5 Qxd5 29. Qb8+ Bf8 30. Rxc7 Ra2 31. Qb7 Qa5 32. Rxf7 1-0

[Event "*** Titled Tuesday Blitz"]
[Site "Chess.com"]
[Date "2021.03.16"]
[Round "2"]
[White "BahadirOzen"]
[Black "AttackSparrow"]
[Result "1-0"]
[WhiteElo "2779"]
[BlackElo "2512"]
[TimeControl "180+1"]
[EndTime "10:17:34 PDT"]
[Termination "BahadirOzen won by resignation"]

1. g3 g6 2. Bg2 Bg7 3. d4 Nf6 4. e4 O-O 5. Ne2 d6 6. O-O e5 7. Nbc3 exd4 8. Nxd4 Re8 9. h3 a6 10. a4 Nbd7 11. Bf4 Nc5 12. Re1 Ne6 13. Nxe6 Bxe6 14. Qd2 Nd7 15. Rad1 Ne5 16. Kh2 Rb8 17. b3 h5 18. Bh6 h4 19. Bxg7 hxg3+ 20. Kxg3 Kxg7 21. f4 Nc6 22. h4 Rh8 23. Rh1 Qf6 24. Ne2 Rh6 25.
Nd4 Nxd4 26. Qxd4 Rbh8 27. Qxf6+ Kxf6 28. a5 Ke7 29. b4 Rh5 30. c3 f6 31. Bf3 R5h6 32.
Rde1 Bd7 33. e5 dxe5 34. fxe5 Bc6 35. exf6+ Kxf6 36. Bxc6 bxc6 37. Rhf1+ Kg7 38. Re7+ Kg8 39. Re8+ Kg7 40. Re7+ Kg8 41. Rf4 g5 42. hxg5 Rh3+ 43. Kg4 R8h4+ 44. Kf5 Rxf4+ 45. Kxf4 Rxc3 46. Rxc7 Rc4+ 47. Kf5 Rxb4 48. Rxc6 Rb5+ 49. Kg6 Kf8 50. Rxa6 Rb1 51. Ra7 Rf1 52. a6 Ra1 53. Kf6 Ke8 54. g6 Rf1+ 55.
Kg7 Ra1 56. Ra8+ Ke7 57. Kg8 Rg1 58. g7 Rh1 59. a7 Ra1 60. Rf8 1-0

[Event "*** Titled Tuesday Blitz"]
[Site "Chess.com"]
[Date "2021.03.16"]
[Round "2"]
[White "platy3"]
[Black "SchmakAttack"]
[Result "0-1"]
[WhiteElo "2796"]
[BlackElo "2562"]
[TimeControl "180+1"]
[EndTime "10:17:35 PDT"]
[Termination "SchmakAttack won on time"]

1. e4 e6 2. d4 d5 3. Nc3 Nf6 4. e5 Nfd7 5. f4 c5 6. Nf3 Nc6 7. Be3 cxd4 8. Nxd4 Qb6 9. Qd2 Qxb2 10. Rb1 Qa3 11.
Bb5 Nxd4 12. Bxd4 a6 13. Bxd7+ Bxd7 14. Rb3 Qe7 15. Rxb7 Rc8 16. O-O Qd8 17. Qe3 Rc4 18. Rfb1 Be7 19. f5 Bg5 20. Qf2 exf5 21. e6 fxe6 22.
Bxg7 Rg8 23. Be5 Bf6 24. Qe2 Bxe5 25. Qxe5 Qa5 26. Rb8+ Kf7 27. R1b7 Qc5+ 28. Kh1 Qc6 29. Rxg8 Kxg8 30. Rb8+ Bc8 31. Rb3 d4 32. Ne4 Qxe4 33. Rg3+ Kf8 34. Qf6+ Ke8 35. Rg8+ Kd7 36. Qd8+ Kc6 37. Qxc8+ Kb6 0-1

[Event "*** Titled Tuesday Blitz"]
[Site "Chess.com"]
[Date "2021.03.16"]
[Round "2"]
[White "MoonlighT89"]
[Black "Msb2"]
[Result "0-1"]
[WhiteElo "2601"]
[BlackElo "2916"]
[TimeControl "180+1"]
[EndTime "10:17:37 PDT"]
[Termination "Msb2 won by resignation"]

1. e4 e6 2. d4 d5 3. Nc3 Nf6 4.
Bg5 dxe4 5. Nxe4 Be7 6. Bxf6 gxf6 7. Nf3 f5 8. Nc3 a6 9. g3 b5 10. Bg2 Bb7 11. O-O O-O 12. Ne2 c5 13. Nf4 cxd4 14.
Nxd4 Bxg2 15. Kxg2 Bf6 16. Nfe2 Qd5+ 17. Kg1 Nc6 18.
Nxc6 Qxc6 19. c3 Qe4 20. Re1 Rfd8 21. Nd4 Qd5 22. Nb3 Qc6 23. Qe2 a5 24. Rad1 Qb6 25.
Nd4 b4 26. Qe3 bxc3 27. bxc3 Qc5 28. Rd3 Rd5 29. Red1 Rad8 30. Qh6 Bg7 31. Qh4 Qc4 32. Qe7 R5d7 33. Qh4 e5 34. Nxf5 Qxh4 35. Rxd7 Rxd7 36. Rxd7 Qf6 37. g4 Bf8 38. Ra7 Qc6 0-1

[Event "*** Titled Tuesday Blitz"]
[Site "Chess.com"]
[Date "2021.03.16"]
[Round "2"]
[White "dosto07"]
[Black "Rodalquilar"]
[Result "0-1"]
[WhiteElo "2360"]
[BlackElo "2665"]
[TimeControl "180+1"]
[EndTime "10:17:41 PDT"]
[Termination "Rodalquilar won by resignation"]

1. e4 d5 2. exd5 Qxd5 3. Nc3 Qa5 4. d4 Nf6 5. Nf3 Bf5 6. Bc4 e6 7. Bd2 Bb4 8. Qe2 O-O 9. a3 Nc6 10. O-O Bxc3 11. Bxc3 Qb6 12. Rad1 Rad8 13. Rfe1 Rfe8 14. h3 Be4 15. Ng5 Bd5 16. Bd3 h6 17. Ne4 Bxe4 18.
Bxe4 Nxd4 19. Bxd4 Rxd4 20. Rxd4 Qxd4 21. Bxb7 Qxb2 22.
Bc6 Rd8 23. a4 Rd6 24. Qb5 Qxc2 25. Qb8+ Kh7 26. Bf3 a6 27. Qb7 g6 28. a5 Qc3 29. Rb1 Qxa5 30. Qc8 Rb6 31. Rc1 Qe5 32. g3 Nd5 33. Qd7 Kg7 34. h4 Rd6 35. Qe8 Nf6 36.
Qc8 Rd7 37. Qb8 Qd6 38. Qb1 Qd3 39. Rd1 Qxb1 40. Rxb1 Rd6 41. Ra1 Nd5 42. Be2 Nb4 43.
Bc4 c5 44. Bb3 Kf6 45. Rxa6 Rxa6 0-1

[Event "*** Titled Tuesday Blitz"]
[Site "Chess.com"]
[Date "2021.03.16"]
[Round "2"]
[White "GoltsevDmitry2000"]
[Black "Mikhail_Golubev"]
[Result "1-0"]
[WhiteElo "2827"]
[BlackElo "2549"]
[TimeControl "180+1"]
[EndTime "10:17:42 PDT"]
[Termination "GoltsevDmitry2000 won by resignation"]

1. e4 c5 2. Nf3 d6 3. d4 Nf6 4. Nc3 cxd4 5. Nxd4 g6 6. Be3 Bg7 7. Be2 Nc6 8. O-O O-O 9. Nb3 Ne5 10. h3 Be6 11. Nd4 Bc4 12. f4 Bxe2 13. Qxe2 Nc6 14.
Rad1 Nh5 15. Nxc6 bxc6 16. Qc4 Rb8 17. g4 Ng3 18. Rf3 Rxb2 19. Rxg3 Rxc2 20. Bd4 e5 21. fxe5 dxe5 22. Qb3 exd4 23. Qxc2 Qb6 24. Rb1 d3+ 25. Qf2 Qxf2+ 26. Kxf2 Bxc3 27. Rxd3 Ba5 28. Rb7 Bb6+ 29. Kf3 c5 30. Rd6 Rc8 31. Rdd7 c4 32. Rxf7 Bd4 33.
Rbc7 Rb8 34. Rfd7 Rf8+ 35. Ke2 Rf2+ 36. Ke1 Bb6 37. Rd8+ Rf8 38. Rxf8+ Kxf8 39. Rxc4 Ke7 40. Ke2 Ke6 41. Kf3 Ke5 42. h4 h5 43. gxh5 gxh5 44. Rc6 Bd8 45. Rh6 Bxh4 46. Rxh5+ Bg5 47. Rxg5+ Kd4 48.
Ra5 Kc3 49. Rxa7 Kb2 50. e5 Ka1 51. e6 1-0

[Event "*** Titled Tuesday Blitz"]
[Site "Chess.com"]
[Date "2021.03.16"]
[Round "2"]
[White "Treacherous_horse64"]
[Black "NTBT_DHS"]
[Result "0-1"]
[WhiteElo "2507"]
[BlackElo "2778"]
[TimeControl "180+1"]
[EndTime "10:17:44 PDT"]
[Termination "NTBT_DHS won on time"]

1. d4 Nf6 2. Bf4 g6 3. e3 Bg7 4.
Nf3 O-O 5. h3 d6 6. Be2 c5 7. c3 Nc6 8. O-O Be6 9. Nbd2 Qb6 10.
Qc1 cxd4 11. exd4 Rac8 12. Nc4 Qd8 13. Qd2 b5 14. Ne3 b4 15. d5 bxc3 16. bxc3 Ne4 17.
Qd3 Nxc3 18. dxe6 fxe6 19. Bg3 Nb4 20. Qd2 a5 21. Nd4 Bxd4 22. Bg4 e5 23. Bxc8 Qxc8 24.
Rac1 Nbxa2 25. Nd5 Rf7 26. Rc2 Qc4 27. Nxc3 Nxc3 28. Rfc1 Ne4 29. Qxa5 Qe6 30. Qa3 Nc5 31. Rb1 Rf8 32. Kh2 h5 33. f3 Qf6 34. Bf2 Bxf2 35. Rxf2 e4 36. Rbf1 Qe5+ 37. f4 Qf5 38. Qg3 Ne6 39. Re2 Nxf4 40. Ref2 e5 41. Qb3+ d5 42.
Kg1 Kg7 43. Qb7+ Rf7 44. Qc6 e3 45. Qb5 exf2+ 46. Rxf2 Nxh3+ 0-1

[Event "*** Titled Tuesday Blitz"]
[Site "Chess.com"]
[Date "2021.03.16"]
[Round "2"]
[White "alejogarcia1999"]
[Black "Matthew-Fishbein"]
[Result "1-0"]
[WhiteElo "2497"]
[BlackElo "2278"]
[TimeControl "180+1"]
[EndTime "10:17:44 PDT"]
[Termination "alejogarcia1999 won by checkmate"]

1. Nf3 c5 2. g3 Nc6 3. Bg2 g6 4.
O-O Bg7 5. c3 d5 6. d4 cxd4 7.
cxd4 Nf6 8. Nc3 O-O 9. Ne5 Qb6 10. Na4 Qd8 11. Nxc6 bxc6 12. b3 Bf5 13. Ba3 Ne4 14.
Rc1 Rc8 15. f3 Nd6 16. Bc5 Re8 17. Bxa7 Nb5 18. Bc5 e5 19. e4 Be6 20. dxe5 dxe4 21.
f4 f5 22. exf6 Qxf6 23. Bxe4 Bh3 24. Bg2 Bxg2 25. Kxg2 Rcd8 26. Qc2 Nd4 27. Bxd4 Qxd4 28. Qc4+ Qd5+ 29. Qxd5+ cxd5 30. Rc2 d4 31. Rd1 Re7 32.
Nb2 Kf7 33. Nd3 Ra7 34. Rdc1 Rdd7 35. b4 Kf6 36. Nc5 Rd6 37. Ne4+ Ke7 38. Nxd6 Kxd6 39.
b5 Kd5 40. b6 Rb7 41. Rc7 Rxb6 42. Rxg7 Rb2+ 43. Kf3 Rxa2 44. Rxh7 Ra3+ 45. Kg4 Ke4 46. Rd1 Ke3 47. Re7+ Kf2 48. Rxd4 Kg2 49. Rd2+ Kf1 50. Rb7 Ra1 51. Rdb2 g5 52. Rb1+ Kg2 53. Rxa1 Kf2 54. Ra3 gxf4 55. Rb2+ Kg1 56. Ra1# 1-0

[Event "*** Titled Tuesday Blitz"]
[Site "Chess.com"]
[Date "2021.03.16"]
[Round "2"]
[White "Olga_Zhuravleva"]
[Black "Niktlt"]
[Result "0-1"]
[WhiteElo "2266"]
[BlackElo "2485"]
[TimeControl "180+1"]
[EndTime "10:17:44 PDT"]
[Termination "Niktlt won on time"]

1. e4 e6 2. d4 d5 3. Nd2 Be7 4.
Bd3 Nf6 5. e5 Nfd7 6. c3 c5 7.
Ne2 Nc6 8. Nf3 a6 9. O-O g5 10. h3 h5 11. Nh2 b5 12. f4 cxd4 13. cxd4 Qb6 14. Bb1 gxf4 15. Bxf4 Ndxe5 16. Kh1 Nc4 17. b3 Nd6 18. Nf3 Rg8 19. Ne5 Bd7 20. Nxc6 Bxc6 21.
Ng1 O-O-O 22. Nf3 Be8 23. Bd3 Kb7 24. a4 f6 25. Qe2 Bd7 26. Bxd6 Bxd6 27. axb5 axb5 28.
Qe3 e5 29. Qh6 e4 30. Qxf6 exd3 31. Ne5 Bxe5 32. Qxe5 Rgf8 33. Qxd5+ Bc6 34. Rf7+ Rxf7 35. Qxf7+ Rd7 36. Qxh5 Qxd4 37. Rd1 d2 38. Qe2 Qc3 39. Kh2 Qc2 40. Qg4 Qxb3 41. Qe2 Qd3 42. Qg4 Qd6+ 0-1

[Event "*** Titled Tuesday Blitz"]
[Site "Chess.com"]
[Date "2021.03.16"]
[Round "2"]
[White "andriipalchuk"]
[Black "MITerryble"]
[Result "0-1"]
[WhiteElo "2585"]
[BlackElo "2906"]
[TimeControl "180+1"]
[EndTime "10:17:47 PDT"]
[Termination "MITerryble won by resignation"]

1. d4 e6 2. c4 Bb4+ 3. Nd2 Nf6 4. Nf3 O-O 5. g3 b6 6. Bg2 Bb7 7. O-O Bxd2 8. Bxd2 d6 9. Rc1 Nbd7 10. b3 Qe7 11.
Bc3 Be4 12. Re1 a5 13. Bf1 h6 14. Nd2 Bb7 15. e4 e5 16. d5 c6 17. f4 Rfe8 18. Bg2 Nc5 19. Qf3 Qc7 20. Rcd1 Nfd7 21. Nf1 cxd5 22. exd5 b5 23. cxb5 Rac8 24. Ba1 Qb6 25. Ne3 Qxb5 26. Nc4 Qa6 27. fxe5 dxe5 28. Nxe5 Nxe5 29. Rxe5 f6 30. Rxe8+ Rxe8 31. Qf2 Ne4 32. Qd4 Nd6 33. Bf1 Qa8 34. Qg4 Qd8 35. Bd3 Qe7 36. Bd4 Bxd5 37. Qg6 Kf8 38. Rf1 Bf7 39. Qg4 Qd8 40. Qf4 Kg8 41. Qg4 Ne4 42. Bxe4 Qxd4+ 0-1

[Event "*** Titled Tuesday Blitz"]
[Site "Chess.com"]
[Date "2021.03.16"]
[Round "2"]
[White "GregShahade"]
[Black "BvsN"]
[Result "1-0"]
[WhiteElo "2761"]
[BlackElo "2422"]
[TimeControl "180+1"]
[EndTime "10:17:47 PDT"]
[Termination "GregShahade won by resignation"]

1. e4 c5 2. Nf3 e6 3. d4 cxd4 4. Nxd4 a6 5. Nc3 Qc7 6. Bd3 Nf6 7. O-O Bc5 8. Nb3 Be7 9. a4 Nc6 10. a5 d6 11. Be3 O-O 12. f4 Nd7 13. Qe2 Nb4 14.
Qf2 Nc5 15. Nxc5 dxc5 16. Bc4 Bd7 17. e5 Bc6 18. Bxc5 Bxg2 19. Bxe7 Bxf1 20. Bxf8 Qxc4 21. Bxb4 Qxb4 22. Rxf1 Qxb2 23. Ne4 Rc8 24. c3 Qa3 25. Qb6 Rc4 26. Qd8+ Qf8 27. Qxf8+ Kxf8 28. Nd6 Rxc3 29. Rb1 f6 30. Rxb7 fxe5 31. fxe5 g6 32. Rxh7 Rc5 33.
Rf7+ Kg8 34. Rf6 Rxe5 35. Rxg6+ Kh7 36. Rf6 Rxa5 37. Rxe6 Rg5+ 38. Kf2 a5 39. Re7+ Kg8 40. Ra7 Rd5 41. Ne4 Re5 42. Nf6+ 1-0

[Event "*** Titled Tuesday Blitz"]
[Site "Chess.com"]
[Date "2021.03.16"]
[Round "2"]
[White "SimplyDevina"]
[Black "GMaka"]
[Result "0-1"]
[WhiteElo "2205"]
[BlackElo "2450"]
[TimeControl "180+1"]
[EndTime "10:17:47 PDT"]
[Termination "GMaka won by resignation"]

1. d4 Nf6 2. c4 Nc6 3. Nc3 e5 4. d5 Ne7 5. e4 Ng6 6. Bd3 Bb4 7. Ne2 O-O 8. O-O d6 9. a3 Bxc3 10. Nxc3 Nf4 11. Ne2 N6h5 12. Ng3 Nxd3 13. Qxd3 Nf4 14. Bxf4 exf4 15. Nf5 Qg5 16. Kh1 Re8 17. Rae1 Re5 18. Nd4 Qh6 19. Nf5 Bxf5 20. exf5 Rae8 21. Rxe5 Rxe5 22.
Qc3 b6 23. Re1 Qf6 24. Rxe5 Qxe5 25. Qxe5 dxe5 26. g3 Kf8 27. gxf4 exf4 28. Kg2 g5 29. Kf3 Ke7 30. Ke4 Kd6 31. b4 a5 32. f6 h6 33. Kf5 axb4 34. axb4 b5 35. c5+ Kxd5 36. h4 gxh4 37. Kxf4 Ke6 38. Kg4 Kxf6 39. Kxh4 Kg6 40. Kg4 f5+ 41. Kf4 Kf6 42. f3 c6 43.
Ke3 Ke5 44. f4+ Kd5 45. Kf3 Kc4 46. Kg3 Kxb4 47. Kh4 Kxc5 48. Kh5 b4 49. Kxh6 b3 50. Kg5 b2 51. Kxf5 0-1

[Event "*** Titled Tuesday Blitz"]
[Site "Chess.com"]
[Date "2021.03.16"]
[Round "2"]
[White "RobertoJBM"]
[Black "MrChampion_Coach"]
[Result "1-0"]
[WhiteElo "2760"]
[BlackElo "2498"]
[TimeControl "180+1"]
[EndTime "10:17:48 PDT"]
[Termination "RobertoJBM won by resignation"]

1. d4 Nf6 2. Nf3 e6 3. e3 b6 4. Bd3 Bb7 5. Qe2 d5 6. Nbd2 Nbd7 7. e4 dxe4 8. Nxe4 Be7 9. O-O O-O 10. Rd1 Nxe4 11.
Bxe4 Bxe4 12. Qxe4 Nf6 13. Qc6 Qd6 14. Ne5 Rad8 15.
Bf4 Nd5 16. Bg3 Nb4 17. Qc4 Qd5 18. c3 Qxc4 19. Nxc4 Nd5 20. a4 a5 21. Ne3 Rd7 22.
Nxd5 exd5 23. Re1 Bf6 24. Re2 c5 25. dxc5 bxc5 26. Rd2 Rfd8 27. Rad1 g6 28. Kf1 Kg7 29. Ke2 Re8+ 30. Kd3 Rb7 31. Kc2 d4 32. Bd6 Rxb2+ 33.
Kxb2 dxc3+ 34. Kc2 cxd2 35. Rxd2 c4 36. Bc7 c3 37.
Rd3 Re2+ 38. Kc1 Rxf2 39. Rg3 h6 40. Bb6 Re2 41. Bxa5 Bg5+ 42. Rxg5 hxg5 43. Bxc3+ f6 44. a5 Rxg2 45. Kb1 Rxh2 46. a6 Rh8 47. a7 Kf7 48. Kc2 Rc8 49. Kd3 f5 50. Be5 Ke6 51.
Bb8 Rd8+ 52. Kc4 Rc8+ 53. Kb5 Rc1 54. a8=Q Rb1+ 55. Kc4 Rc1+ 56. Kd3 1-0

[Event "*** Titled Tuesday Blitz"]
[Site "Chess.com"]
[Date "2021.03.16"]
[Round "2"]
[White "C_K_G"]
[Black "davigator"]
[Result "0-1"]
[WhiteElo "2001"]
[BlackElo "2405"]
[TimeControl "180+1"]
[EndTime "10:17:48 PDT"]
[Termination "davigator won by checkmate"]

1. e4 c5 2. Nf3 Nc6 3. c3 Nf6 4. Bd3 d6 5. h3 e5 6. Bc2 Be7 7. O-O O-O 8. Re1 Rb8 9. d4 b5 10. d5 Na5 11. b3 Ne8 12. a4 a6 13.
axb5 axb5 14. Bd2 g6 15. Qc1 Ng7 16. Bh6 f6 17. Nbd2 Bd7 18. Nf1 Qb6 19. Ng3 Ra8 20. Qd2 b4 21. c4 Nb7 22. Nh2 Ra3 23. f4 Rfa8 24. Rxa3 bxa3 25. Ra1 Qb4 26. Qe3 a2 27. fxe5 dxe5 28. h4 Nd6 29. h5 Qa3 30. hxg6 hxg6 31. Qe1 Qb2 32. Qd1 Bd8 33. Nf3 Bg4 34. Nf1 f5 35.
exf5 Ngxf5 36. Bd2 e4 37. N1h2 exf3 38. Nxg4 Qd4+ 39. Nf2 Bh4 40. Be1 Qe3 41. Kf1 Ng3+ 42. Kg1 Ne2+ 43. Kf1 fxg2+ 44. Kxg2 Qg3+ 45. Kf1 Nd4 46.
Bd2 Qxf2# 0-1

[Event "*** Titled Tuesday Blitz"]
[Site "Chess.com"]
[Date "2021.03.16"]
[Round "2"]
[White "SameerMujumdar"]
[Black "Meri-Arabidze"]
[Result "1-0"]
[WhiteElo "2314"]
[BlackElo "2641"]
[TimeControl "180+1"]
[EndTime "10:17:50 PDT"]
[Termination "SameerMujumdar won by checkmate"]

1. d4 d5 2. c4 e6 3. Nc3 Nf6 4.
cxd5 exd5 5. Bg5 c6 6. Nf3 Be7 7. e3 Nbd7 8. Bd3 Nf8 9. Qc2 Ne6 10. Bh4 g6 11. Ne5 O-O 12. O-O Ng7 13. f4 Bf5 14. Bxf6 Bxf6 15. b4 a6 16. Rab1 Bxd3 17. Qxd3 Nf5 18.
a4 Nd6 19. Rf3 Bg7 20. Rh3 Qe8 21. Rf1 f6 22. Ng4 b5 23. Nh6+ Bxh6 24. Rxh6 Ra7 25.
g4 Re7 26. Rh3 Nc4 27. Re1 Qc8 28. f5 g5 29. e4 Rfe8 30. e5 fxe5 31. Rh5 e4 32.
Rxg5+ Kh8 33. Qh3 Qc7 34. f6 Rf7 35. Rf5 Nd6 36. Rf2 Rg8 37. Kh1 Qd7 38. Rg1 Qe6 39.
Qh4 e3 40. Re2 Qxf6 41. Qxf6+ Rxf6 42. Rxe3 Rgf8 43. g5 Rf2 44. Re6 Nc4 45. g6 hxg6 46.
Rexg6 R8f7 47. Rxc6 bxa4 48. Nxd5 Nd2 49. Rh6+ Rh7 50.
Nf6 Rxh6 51. Rg8# 1-0

[Event "*** Titled Tuesday Blitz"]
[Site "Chess.com"]
[Date "2021.03.16"]
[Round "2"]
[White "Tactickl"]
[Black "Agibileg"]
[Result "1-0"]
[WhiteElo "2791"]
[BlackElo "2519"]
[TimeControl "180+1"]
[EndTime "10:17:51 PDT"]
[Termination "Tactickl won by resignation"]

1. b3 Nc6 2. Bb2 e5 3. e3 Nf6 4.
Nf3 d6 5. d4 Bg4 6. Be2 Qe7 7.
c4 O-O-O 8. d5 Nb8 9. Nc3 Nfd7 10. b4 f5 11. Nd2 Bxe2 12. Nxe2 g5 13. a4 Bg7 14. a5 Na6 15. Qb3 f4 16. e4 g4 17.
Nc3 h5 18. Ba3 h4 19. O-O-O g3 20. fxg3 hxg3 21. h3 Kb8 22. Rhf1 Rc8 23. Kb2 Ka8 24. Ka2 c5 25. dxc6 bxc6 26. Qc2 Rb8 27. Rb1 Rhc8 28. Qd3 Bf8 29. Rfd1 Qf7 30. Ka1 Rb7 31. Na2 Ndb8 32.
Rdc1 Nc7 33. Nf3 Ne6 34. Nc3 Nd4 35. Nxd4 exd4 36. Ne2 c5 37. b5 Re7 38. Ng1 Rce8 39. Re1 Qh7 40. Nf3 Qg6 41. Nh4 Qh7 42. Nf5 Qxf5 43. exf5 Rxe1 44. Qf3+ R1e4 45. Re1 d5 46. Rxe4 dxe4 47. Qxf4 e3 48. Qf3+ Nc6 49. Qxc6+ Kb8 50. Qxe8+ Kb7 51. Qxf8 d3 52. Qe7+ Kc8 53. Qe8+ 1-0

[Event "*** Titled Tuesday Blitz"]
[Site "Chess.com"]
[Date "2021.03.16"]
[Round "2"]
[White "Slovak_fighter2000"]
[Black "Dyadya81"]
[Result "0-1"]
[WhiteElo "2484"]
[BlackElo "2742"]
[TimeControl "180+1"]
[EndTime "10:17:51 PDT"]
[Termination "Dyadya81 won by checkmate"]

1. d4 Nf6 2. Nf3 g6 3. c4 Bg7 4. Nc3 d6 5. e4 O-O 6. Be2 e5 7. Be3 Ng4 8. Bg5 f6 9. Bh4 g5 10. Bg3 Nh6 11. d5 Nd7 12. Nd2 a5 13. a3 f5 14.
exf5 Nxf5 15. Nde4 h6 16. O-O Nd4 17. Bd3 Nf6 18. b4 axb4 19. axb4 Rxa1 20. Qxa1 Bf5 21. Qb1 Nxe4 22. Bxe4 Qd7 23. Bxf5 Nxf5 24. Ne4 Ra8 25. b5 Nd4 26. f3 Ra4 27. Qd3 b6 28. Bf2 Qf5 29. Bxd4 exd4 30. g3 Be5 31. Kg2 h5 32.
Rf2 Kg7 33. Qc2 Ra3 34. Qd2 Kg6 35. h4 g4 36. Ng5 Re3 37. f4 Bf6 38. Re2 Bxg5 39.
Rxe3 dxe3 40. Qxe3 Bf6 41. Qe8+ Kg7 42. Qe2 Qd7 43.
Qe4 Qe7 44. Qf5 Qe2+ 45. Kg1 Bd4+ 46. Kh1 Qf1+ 47. Kh2 Qg1# 0-1

[Event "*** Titled Tuesday Blitz"]
[Site "Chess.com"]
[Date "2021.03.16"]
[Round "2"]
[White "DvaHrasta"]
[Black "Gabrielian_Artur"]
[Result "0-1"]
[WhiteElo "2527"]
[BlackElo "2807"]
[TimeControl "180+1"]
[EndTime "10:17:53 PDT"]
[Termination "Gabrielian_Artur won by checkmate"]

1. c4 Nf6 2. g3 g6 3. Bg2 Bg7 4. Nc3 O-O 5. Nf3 d6 6. O-O e5 7.
d3 Nc6 8. Rb1 a5 9. a3 Nd4 10. Ne1 c6 11. e3 Ne6 12. b4 axb4 13.
axb4 d5 14. cxd5 cxd5 15. e4 dxe4 16. dxe4 Qxd1 17. Nxd1 Nd4 18. Be3 Ng4 19. Bxd4 exd4 20. Nd3 Ra3 21. N1b2 b6 22. h3 Ne5 23. Nxe5 Bxe5 24.
Nc4 Rc3 25. Nxe5 f6 26. Nf3 d3 27. Rfc1 Ra3 28. Ra1 Rb3 29. Rab1 Ra3 30. Rb2 Bd7 31. b5 Re8 32. Rc7 Ra1+ 33. Kh2 Rd8 34. e5 fxe5 35.
Nxe5 Bf5 36. Rd2 Re1 37. Nc6 Rde8 38. Nd4 R1e2 39. Nb3 Rxd2 40. Nxd2 Re2 41. Nc4 Rxf2 42. g4 Be4 43. Kg3 Rxg2+ 44. Kf4 Bd5 45. Ne3 Rf2+ 46. Ke5 Bf7 47. Rd7 d2 48. h4 h6 49. g5 hxg5 50. hxg5 Bb3 51. Ng4 Re2+ 52. Kf6 Re6# 0-1

[Event "*** Titled Tuesday Blitz"]
[Site "Chess.com"]
[Date "2021.03.16"]
[Round "2"]
[White "vovachesss"]
[Black "InitiatingASC"]
[Result "1-0"]
[WhiteElo "2741"]
[BlackElo "2441"]
[TimeControl "180+1"]
[EndTime "10:17:55 PDT"]
[Termination "vovachesss won by resignation"]

1. e4 e5 2. Nf3 Nf6 3. Nxe5 d6 4. Nxf7 Kxf7 5. Bc4+ Be6 6. Bxe6+ Kxe6 7. Nc3 c6 8.
d4 Be7 9. O-O Re8 10. f4 Kf7 11.
e5 Nd5 12. Nxd5 cxd5 13. f5 dxe5 14. dxe5 Bc5+ 15. Kh1 Rxe5 16. Qh5+ Kg8 17. Bf4 Qe8 18. Qg4 Nd7 19. Bxe5 Qxe5 20. Rae1 Qd4 21. Rf4 Qxb2 22. f6 Nxf6 23. Qe6+ Kh8 24. g4 Qb6 25. Qf5 Bd6 26. Rf3 Ne4 27. Qxd5 Nf2+ 28. Kg2 Nxg4 29. Re6 Qc6 30.
Qxc6 bxc6 31. Rxd6 Rc8 32. Rxc6 Rd8 33. Rc7 h5 34.
Rxa7 Rd2+ 35. Kg3 Rxc2 36. h3 Ne5 37. Rf5 Rc3+ 38. Kf4 Ng6+ 39. Kg5 Rg3+ 40. Kxh5 Kh7 41. Rg5 Nf4+ 42. Kh4 Rxg5 43. Kxg5 Nxh3+ 44. Kf5 Nf2 45. a4 Nd3 46. a5 Kh6 47. a6 Nc5 48. Ra8 g6+ 49. Kg4 Ne6 50. a7 Nc7 51. Rc8 Na8 52. Rxa8 1-0

[Event "*** Titled Tuesday Blitz"]
[Site "Chess.com"]
[Date "2021.03.16"]
[Round "2"]
[White "karinachess1"]
[Black "pavelalexandru07"]
[Result "1-0"]
[WhiteElo "2518"]
[BlackElo "2293"]
[TimeControl "180+1"]
[EndTime "10:17:55 PDT"]
[Termination "karinachess1 won on time"]

1. e4 c5 2. Nf3 d6 3. d4 cxd4 4. Nxd4 Nf6 5. Nc3 a6 6. Be2 e5 7. Nf3 Be7 8. O-O h6 9. Be3 Be6 10. Nd5 Bxd5 11. exd5 O-O 12. h3 Nbd7 13. c4 a5 14. b3 Ne8 15. a3 f5 16. b4 Bf6 17.
Rb1 b6 18. c5 bxc5 19. bxc5 Nxc5 20. Bxc5 dxc5 21. Bb5 Nd6 22. Bc6 Ra7 23. Qc2 e4 24.
Nd2 Bd4 25. Nb3 Qf6 26. Rfd1 f4 27. Nxc5 f3 28. Rxd4 Qxd4 29. Ne6 Qf6 30. Nxf8 Qxf8 31. Qb2 fxg2 32. Qb8 Rf7 33. Qxf8+ Kxf8 34. Rb8+ Ke7 35.
Ra8 Rf3 36. Rxa5 Rxh3 37. Ra7+ Kf6 38. Kxg2 Rd3 39. a4 g5 40. a5 Ke5 41. a6 Rd2 42.
Re7+ Kf4 43. a7 Nf5 44. Rf7 e3 45. a8=Q Rxf2+ 46. Kg1 Kg3 47. Qb8+ Kh3 48. Rxf5 1-0

[Event "*** Titled Tuesday Blitz"]
[Site "Chess.com"]
[Date "2021.03.16"]
[Round "2"]
[White "chessmadara"]
[Black "profofchess"]
[Result "0-1"]
[WhiteElo "2162"]
[BlackElo "2434"]
[TimeControl "180+1"]
[EndTime "10:17:58 PDT"]
[Termination "profofchess won on time"]

1. e4 e6 2. d4 d5 3. Nc3 Bb4 4. e5 Bf8 5. Nf3 c5 6. Be2 Nc6 7. Bf4 cxd4 8. Nxd4 Qb6 9. Nb3 Nge7 10. O-O Ng6 11. Be3 Qc7 12. f4 a6 13. a4 b6 14. Kh1 Nh4 15. Nd4 Nxd4 16. Bxd4 Nf5 17. Bg1 Bb7 18. Bf3 Bc5 19. Ne2 Ne3 20. Bxe3 Bxe3 21.
c3 g5 22. f5 O-O-O 23. fxe6 fxe6 24. Qd3 Qxe5 25. Rae1 Qf5 26. Qxe3 g4 27. Ng3 Qg6 28. Bd1 h5 29. Qxe6+ Qxe6 30. Rxe6 d4 31. cxd4 h4 32. Nf5 h3 33. Ne3 Rxd4 34. Kg1 hxg2 35. Nxg2 Rd2 36. Re2 Rd3 37. Bc2 Rdh3 38. Nf4 R3h6 39. Rff2 g3 40. Rg2 Bxg2 41. Rxg2 gxh2+ 42. Kh1 Rc6 43. Bf5+ Kb8 44. Ne2 Rf6 45. Ng3 Rd6 46. Rxh2 Rd1+ 47. Kg2 Rd2+ 0-1

[Event "*** Titled Tuesday Blitz"]
[Site "Chess.com"]
[Date "2021.03.16"]
[Round "2"]
[White "GMRafpig"]
[Black "whogeeyao"]
[Result "1-0"]
[WhiteElo "2674"]
[BlackElo "2359"]
[TimeControl "180+1"]
[EndTime "10:17:59 PDT"]
[Termination "GMRafpig won by resignation"]

1. c4 g6 2. g3 Bg7 3. Bg2 c6 4. e4 e5 5. Ne2 Ne7 6. Nbc3 O-O 7. O-O d6 8. d4 exd4 9. Nxd4 Nd7 10. h3 a5 11. Bg5 Nc5 12. Qd2 Re8 13. Rad1 Qc7 14. Nde2 Be6 15. b3 Rad8 16. Nd4 Rd7 17. Kh2 f5 18. Nxe6 Nxe6 19. Bxe7 Rexe7 20. exf5 gxf5 21. Rfe1 f4 22. Ne4 fxg3+ 23. fxg3 d5 24. cxd5 Rxd5 25.
Qe2 Rxd1 26. Rxd1 Nf8 27. Qg4 Ng6 28. Ng5 Be5 29. h4 Bg7 30. Ne6 Qe5 31. Rd8+ Kf7 32. Ng5+ Kf6 33. Nxh7+ Kf7 34. Qc4+ Re6 35. Ng5+ Kf6 36.
Nxe6 Qxe6 37. Qxe6+ Kxe6 38. h5 Ne5 39. Bh3+ Ke7 40.
Rb8 b5 41. Kg2 a4 42. bxa4 bxa4 43. g4 Bh6 44. Rh8 Bc1 45. h6 Nf7 46. Ra8 Bxh6 47.
Rxa4 Be3 48. Re4+ 1-0